 Dungeon Crawl Stone Soup version 0.30-a0-1074-g5db6f66fbb (webtiles) character file.

Game seed: 11878021946678727686

416796 tilp the Imperceptible (level 22, -1/190 HPs)
             Began as a Vampire Enchanter on Apr 12, 2023.
             Was the Champion of Wu Jian.
             Killed from afar by a starcursed mass (9 damage)
             ... with an accursed screaming
             ... on level 3 of the Abyss on Apr 13, 2023.
             The game lasted 02:31:21 (57152 turns).

tilp the Imperceptible (Vampire Enchanter)         Turns: 57152, Time: 02:31:22

Health: -1/190     AC: 30    Str:  6    XL:     22   Next: 57%
Magic:  41/41      EV: 33    Int: 22    God:    Wu Jian [******]
Gold:   444        SH:  0    Dex: 44    Spells: 25/51 levels left

rFire   . . .      SeeInvis +    a - +7 Spriggan's Knife {stab, EV+4 Stlth+}
rCold   + . .      Faith    .    s - orb {guile}
rNeg    . . .      Spirit   .    N - +9 ring mail of the Untouchables {Dex+6}
rPois   +          Reflect  .    e - +5 hat of Resonance {rPois Int+2}
rElec   +          Rampage  .    d - +2 cloak of the Thief {*Fog Slay-2 SInv Stlth+}
rCorr   .                        U - +2 pair of gloves
Will    .....                    G - +2 pair of boots
Stlth   ++++++++++               r - amulet of regeneration
HPRegen 1.51/turn                X - ring "Bohout" {Ice rElec rPois Int-2 Dex+7}
MPRegen 0.27/turn                I - ring of the Inquisitive Seers {rF+ Str+3 Int+4 Dex+6 Stlth-}

@: about to teleport, healing quickly, studying Unarmed Combat
A: alive, fangs 3, see invisible, vampiric 2, [deterioration 2], [weak 2]
}: 2/15 runes: decaying, gossamer
a: Exsanguinate, Renounce Religion, Wall Jump, Serpent's Lash, Heavenly Storm


You were on level 3 of the Abyss.
You worshipped Wu Jian.
Wu Jian was exalted by your worship.
You visited 7 branches of the dungeon, and saw 38 of its levels.
You visited the Abyss 4 times.
You visited 1 bazaar.
You also visited: Gauntlet, Wizlab and Desolation.

You collected 5583 gold pieces.
You spent 5139 gold pieces at shops.

Inventory:

Hand Weapons
 a - the +7 Spriggan's Knife (weapon) {stab, EV+4 Stlth+}
   (You bought it in a shop on level 2 of the Orcish Mines)

   Stab:      It is more effective when stabbing unaware enemies, sometimes
   treating them as though they were completely helpless.
   EV:        It affects your evasion (+4).
   Stlth:     It makes you more stealthy.
 b - a +5 heavy demon blade
 K - a +7 quick blade of draining
 S - a +4 demon blade of flaming
Missiles
 m - 5 silver javelins (quivered)
 Z - 5 throwing nets {!f}
Armour
 c - a +0 pair of gloves of stealth
 d - the +2 cloak of the Thief (worn) {*Fog Slay-2 SInv Stlth+}
   (You found it in a Gauntlet)

   *Fog:      It may release a thick cloud of smoke when the wearer is hurt.
   Slay:      It affects your accuracy & damage with ranged weapons and melee
   (-2).
   SInv:      It lets you see invisible.
   Stlth:     It makes you more stealthy.
 e - the +5 hat of Resonance (worn) {rPois Int+2}
   (You found it in a Gauntlet)

   Int:       It affects your intelligence (+2).
   rPois:     It protects you from poison.
 l - +0 storm dragon scales
 s - an orb of guile (worn)
 G - a +2 pair of boots (worn)
 N - the +9 ring mail of the Untouchables (worn) {Dex+6}
   (You found it on level 4 of the Dungeon)

   Dex:       It affects your dexterity (+6).
 U - a +2 pair of gloves (worn)
Jewellery
 r - an amulet of regeneration (around neck)
 w - the amulet of Enoops {Reflect +Inv Str+7 SH+5}
   (You found it in the Desolation of Salt)

   [amulet of reflection]

   It reflects blocked missile attacks.
   Str:       It affects your strength (+7).
   +Inv:      It lets you turn invisible.
   SH:        It affects your SH (+5).
 I - the ring of the Inquisitive Seers (right hand) {rF+ Str+3 Int+4 Dex+6 Stlth-}
   (You found it on level 2 of the Vaults)

   [ring of dexterity]

   Str:       It affects your strength (+3).
   Int:       It affects your intelligence (+4).
   Dex:       It affects your dexterity (+6).
   rF:        It protects you from fire.
   Stlth:     It makes you less stealthy.
 X - the ring "Bohout" (left hand) {Ice rElec rPois Int-2 Dex+7}
   (You found it on level 10 of the Dungeon)

   [ring of ice]

   It enhances your ice magic.
   Int:       It affects your intelligence (-2).
   Dex:       It affects your dexterity (+7).
   rF:        It makes you vulnerable to fire.
   rC:        It protects you from cold.
   rElec:     It insulates you from electricity.
   rPois:     It protects you from poison.
Wands
 u - a wand of polymorph (35)
 z - a wand of paralysis (47)
 J - a wand of acid (34)
 Q - a wand of iceblast (35)
 T - a wand of mindburst (9)
 Y - a wand of digging (1)
Scrolls
 p - 8 scrolls of vulnerability
 q - 10 scrolls of magic mapping
 t - a scroll of poison
 x - 15 scrolls of teleportation
 y - 7 scrolls of amnesia
 D - a scroll of butterflies
 E - 6 scrolls of fear
 H - 2 scrolls of silence
 W - 5 scrolls of fog
Potions
 f - 2 potions of heal wounds
 g - 2 potions of resistance
 h - 16 potions of haste
 j - 8 potions of flight
 k - 8 potions of might
 n - 6 potions of ambrosia
 o - 6 potions of brilliance
 v - 2 potions of berserk rage
 A - 7 potions of cancellation
 C - 21 potions of curing
 F - 6 potions of invisibility
 L - 7 potions of attraction
 M - 16 potions of mutation
 R - 6 potions of magic
Miscellaneous
 B - a phial of floods (inert)
 O - a phantom mirror (inert)
 P - a lightning rod (4/4)
 V - a tin of tremorstones (inert)


   Skills:
 - Level 20.0 Fighting
 - Level 10.0 Short Blades
 - Level 6.0 Throwing
 - Level 6.0 Armour
 + Level 17.3 Dodging
 - Level 21.0 Stealth
 - Level 6.0 Shields
 - Level 15.0 Spellcasting
 - Level 4.0 Conjurations
 - Level 18.0 Hexes
 + Level 1.9 Summonings
 - Level 4.0 Necromancy
 - Level 4.0 Translocations
 - Level 2.0 Ice Magic
 + Level 14.1 Evocations


You had 25 spell levels left.
You knew the following spells:

 Your Spells              Type           Power      Damage    Failure   Level
a - Ensorcelled Hibernat  Hex/Ice        100%       N/A       1%          2
b - Confusing Touch       Hex            77%        N/A       1%          3
c - Tukima's Dance        Hex            77%        N/A       1%          3
d - Dazzling Flash        Conj/Hex       100%       N/A       1%          3
e - Fulminant Prism       Conj/Hex       30%        3d16      1%          4
f - Anguish               Hex/Necr       30%        N/A       1%          4
g - Blink                 Tloc           68%        N/A       3%          2
h - Summon Mana Viper     Hex/Summ       57%        N/A       5%          5

Your spell library contained the following spells:

 Spells                   Type           Power      Damage    Failure   Level
 Portal Projectile        Hex/Tloc       100%       N/A       1%          3
 Kiss of Death            Conj/Necr      100%       2d13      2%          1
 Magic Dart               Conj           100%       1d8       2%          1
 Necrotise                Necr           100%       1d9       2%          1
 Lesser Beckoning         Tloc           68%        N/A       3%          2
 Momentum Strike          Conj/Tloc      68%        3d9       3%          2
 Searing Ray              Conj           68%        2d6       3%          2
 Sublimation of Blood     Necr           34%        N/A       3%          2
 Leda's Liquefaction      Hex/Erth       27%        N/A       3%          4
 Metabolic Englaciation   Hex/Ice        37%        N/A       5%          5
 Gell's Gravitas          Tloc           34%        N/A       7%          3
 Teleport Other           Tloc           34%        N/A       7%          3
 Cigotuvi's Dreadful Rot  Necr/Pois/Air  44%        N/A       11%         2
 Call Canine Familiar     Summ           25%        N/A       16%         3
 Ozocubu's Armour         Ice            37%        N/A       16%         3
 Scorch                   Fire           32%        2d6       19%         2
 Wereblood                Tmut           16%        N/A       19%         2
 Dispel Undead            Necr           34%        3d15      22%         4
 Iskenderun's Mystic Bla  Conj/Tloc      34%        2d8       22%         4
 Ignite Poison            Fire/Tmut/Pois 16%        N/A       34%         3
 Flame Wave               Conj/Fire      25%        2d8       45%         4
 Summon Ice Beast         Ice/Summ       37%        N/A       47%         4
 Animate Armour           Summ/Erth      40%        N/A       63%         4
 Freezing Cloud           Conj/Ice/Air   18%        6-21      82%         5
 Irradiate                Conj/Tmut      12%        3d15      82%         5
 Blade Hands              Tmut           8%         N/A       97%         5
 Dispersal                Tloc           17%        N/A       98%         6
 Simulacrum               Ice/Necr       22%        N/A       99%         6
 Iron Shot                Conj/Erth      12%        9d3       100%        6
 Summon Cactus Giant      Summ           12%        N/A       100%        6
 Dragon Form              Tmut           8%         N/A       100%        7
 Malign Gateway           Summ/Tloc      14%        N/A       100%        7
 Monstrous Menagerie      Summ           12%        N/A       100%        7
 Ozocubu's Refrigeration  Ice            18%        4d11      100%        7
 Summon Hydra             Summ           12%        N/A       100%        7
 Necromutation            Tmut/Necr      Unusable   N/A       N/A         8

Dungeon Overview and Level Annotations

Branches:
Dungeon (15/15)            Temple (0/1) D:7            Lair (5/5) D:9
  Swamp (4/4) Lair:3       Spider (4/4) Lair:3        Slime (0/5) Lair:4
    Orc (2/2) D:12            Elf (0/3) Orc:2        Vaults (4/5) D:14
  Crypt (0/3) Vaults:2     Depths (4/4) D:15            Zot (0/5) Depths:4
 WizLab (visited)         Desolation (visited)      Gauntlet (visited)

Altars:
Gozag
Kikubaaqudgha
Makhleb
Ru
Sif Muna
Trog
Uskayaw
Wu Jian
Xom
Lugonu

Shops:
D:2 *   Orc:2 (:?   Vaults:2 !   Depths:1 :   Depths:4 *

Portals:
Hell: Depths:1 Depths:2 Depths:3 Depths:4
Abyss: Lair:5 Depths:3 Depths:4
Pandemonium: Orc:2 Depths:2 Depths:4
Ziggurat: Depths:1
Trove: D:15 (give +3 storm dragon scales)

Annotations:
Lair:4 exclusion: 2 oklob plants
Depths:2 fire + ood vault, exclusion: 2 statues
Depths:3 6 runed translucent doors
Depths:4 3 runed translucent doors, exclusion: obsidian statue, Miklu's ghost, adept NaFi


Innate Abilities, Weirdness & Mutations

Your natural rate of healing is accelerated.
You have razor-sharp teeth.
You have supernaturally acute eyesight. (SInv)
You are afflicted with vampirism and can become a bat while bloodless.
[Your body often deteriorates upon taking damage.]
[You are very weak. (Str -4)]


Message History

A death knight comes into view. It is wielding a +4 great mace.
The Ice Fiend calls on the powers of darkness!
Your body is wracked with pain!
* * * LOW HITPOINT WARNING * * *
The shining eye convulses!
The starcursed mass completely misses you.
The death knight shouts!
Unknown command.
Unknown command.
Unknown command.
Unknown command.
You hit the large abomination.
The large abomination is lightly damaged.
The chaos spawn looks more healthy.
The large abomination completely misses you.
Unknown command.
Unknown command.
Unknown command.
You hit the starcursed mass.
The starcursed mass is moderately damaged.
The starcursed mass shudders and is absorbed by its neighbour.
You feel less invigorated.
You feel less confused.
A deafening chorus of shrieks assaults your mind!
* * * LOW HITPOINT WARNING * * *
Unknown command.
Unknown command.
Unknown command.
You spin and attack the starcursed mass repeatedly.
You hit the starcursed mass but do no damage.
The starcursed mass is lightly damaged.
You hit the starcursed mass but do no damage.
The starcursed mass is lightly damaged.
You feel yourself speed up.
The lich is no longer unusually resistant.
The starcursed mass completely misses you.
The starcursed mass barely misses you. The dread lich closely misses you.
The starcursed mass barely misses you. A chorus of shrieks assaults your mind.
You die... ###.⌠'44OL# ## . ##.. ⌠§LF # #...4w § # .# # . ##LL§bL

. ⌠# ..F#§X#§ ..#
# #.w##L##1#.. ..
###§##4#.*.....
#.FL#X#XV.X#....#
#@#.#.X#.# #XX#
Y.# # ## ##.# ###
.#.. # . .# ....
. .# #.§... #.
§.#.# # §#. . #..


You could see 3 starcursed masses, 2 dread liches, a lich (invisible), a large
abomination, a cane toad (fast) and a chaos spawn (strong).

Vanquished Creatures
  Frederick (Depths:3)
  Margery (Depths:4)
  4 golden dragons
  the Enchantress (Depths:2)
  A bone dragon (Abyss:3)
  Arachne (Spider:1)
  A tentacled monstrosity (Depths:3)
  A moon troll (WizLab)
  A walking earthen tome (Depths:3)
  2 quicksilver dragons
  Asterion (Spider:2)
  Frances (D:13)
  3 sphinxes
  Agnes (Spider:3)
  9 tentacled starspawn (WizLab)
  A storm dragon (Depths:4)
  A thorn hunter (Swamp:4)
  A tengu reaver (Depths:3)
  2 shadow dragons
  3 fire giants
  9 emperor scorpions
  A fenstrider witch (Swamp:3)
  2 iron dragons
  6 frost giants
  2 imperial myrmidons (Desolation)
  2 ghost moths
  8 vault wardens
  Louise (Swamp:2)
  2 draconian shifters (Depths:4)
  3 spriggan defenders (Depths:2)
  2 cacodemons (WizLab)
  2 reapers (Depths:3)
  2 war gargoyles
  19 ironbound preservers
  An ironbound thunderhulk (Vaults:4)
  19 stone giants
  41 very ugly things
  A broodmother (Spider:1)
  A vampire knight (Vaults:2)
  A halazid warlock (Desolation)
  A deep elf demonologist (Vaults:2)
  3 red draconians (Depths:4)
  8 eleionomae
  Azrael (D:15)
  12 dire elephants
  4 bunyips
  2 yellow draconians (Depths:4)
  A spark wasp (Spider:4)
  A minotaur (Gauntlet)
  A starcursed mass (WizLab)
  2 white draconians (Depths:4)
  3 crystal guardians
  5 fire dragons
  5 ettins
  6 entropy weavers
  4 deep elf high priests
  9 yaktaur captains
  Harold (Lair:2)
  5 ragged hierophants (Desolation)
  2 hell beasts (Depths:4)
  4 salamander tyrants (Depths:2)
  7 great orbs of eyes
  5 peacekeepers (Desolation)
  27 hydras
  8 vault guards
  5 servants of whispers (Desolation)
  7 ironbound frosthearts
  A rakshasa (Depths:3)
  2 demonspawn (Orc:2)
  14 ice dragons
  A spriggan skeleton (Depths:1)
  10 centaur warriors
  A jorogumo (Spider:4)
  4 spriggan air magi (Depths:2)
  An ogre mage (D:15)
  A radroach (Spider:1)
  A ghost crab (Swamp:4)
  Erica (D:8)
  2 deep troll shamans (Depths:3)
  8 two-headed ogres
  A death scarab (Spider:4)
  8 tengu warriors
  A vampire mage (Depths:1)
  6 boulder beetles
  15 alligators
  A hell hog (Abyss:3)
  2 orc high priests (Orc:2)
  6 deep troll earth magi
  2 spriggan berserkers
  6 death yaks
  5 hell knights
  A soul eater (Depths:4)
  A titan zombie (Depths:1)
  10 thrashing horrors
  8 skeletal warriors
  A skyshark (shapeshifter) (Depths:3)
  3 sixfirhies
  4 wretched stars (Abyss:3)
  3 goliath frogs
  3 skysharks
  4 sun moths
  6 iron trolls
  A shadow wraith (Vaults:3)
  4 pharaoh ants
  An orange crystal statue (WizLab)
  6 spriggan druids
  43 deep trolls
  6 orb spiders
  3 bog bodies
  12 glowing orange brains
  A lindwurm (Vaults:2)
  13 wizards
  8 swamp dragons
  7 steelbarb worms
  9 harpies
  17 ironbound convokers
  2 phantasmal warriors
  3 deep elf pyromancers
  3 necromancers
  17 wolf spiders
  A mana viper (Abyss:3)
  8 orc sorcerers (Orc:2)
  54 ugly things
  5 orc knights
  6 large abominations
  A sphinx skeleton (Depths:1)
  2 manticores
  6 cyclopes
  3 will-o-the-wisps
  A worldbinder (Abyss:3)
  15 elephants
  3 salamanders
  5 moths of wrath
  3 guardian serpents (Desolation)
  5 eyes of devastation
  15 vault sentinels
  Joseph (D:7)
  7 black mambas
  A rust devil (Depths:2)
  10 cane toads
  A molten gargoyle (Desolation)
  6 smoke demons
  7 demonic crawlers
  2 kobold demonologists (D:10)
  2 torpor snails
  2 gargoyles (D:10)
  An orange demon (Depths:2)
  2 ice devils (Orc:2)
  3 efreet
  6 tengu conjurers
  11 komodo dragons
  3 ancient zymes
  2 rime drakes
  A hellion (Depths:2)
  14 yaktaurs
  A freezing wraith (D:15)
  4 trolls
  2 polar bears
  18 meliai
  7 tyrant leeches
  16 hornets
  19 tarantellas
  28 saltlings (Desolation)
  22 blink frogs
  15 dream sheep
  2 tarantellas (shapeshifter)
  A wolf spider simulacrum (D:14)
  3 raiju (Abyss:3)
  31 slime creatures
  Sigmund (D:2)
  A centaur simulacrum (D:14)
  26 jumping spiders
  27 culicivoras
  6 wyverns
  22 spriggans
  4 wraiths
  3 shadows (D:10)
  A vampire (Abyss:3)
  2 ynoxinuls
  9 fire bats
  7 basilisks
  3 neqoxecs
  36 yaks
  57 redbacks
  5 steam dragons
  A fire elemental (D:15)
  3 golden eyes
  10 chaos spawn
  Grum (D:8)
  12 vampire mosquitoes
  A spatial vortex (Abyss:3)
  15 swamp worms
  Edmund (D:5)
  A warg (Orc:1)
  5 acid dragons
  4 hell hounds (D:15)
  A naga (shapeshifter) (Lair:5)
  A floating eye (Gauntlet)
  14 water moccasins
  8 swamp drakes
  4 black bears
  A glowing shapeshifter skeleton (Depths:1)
  36 orc warriors
  4 sky beasts
  8 centaurs
  10 ogres
  8 wolves
  2 kobold brigands
  4 gnoll sergeants
  9 bullfrogs
  A scorpion (D:5)
  8 wights
  6 killer bees (D:10)
  2 electric eels (D:9)
  2 howler monkeys
  A vampire bat (D:9)
  A crimson imp (Abyss:3)
  A quasit (Abyss:3)
  A gnoll bouda (D:8)
  4 hounds
  22 orc priests
  Crazy Yiuf (D:3)
  2 jellies
  A sleepcap (D:6)
  Natasha (thrice) (D:2)
  3 iguanas
  17 orc wizards
  15 small abominations
  Robin (D:2)
  5 adders
  26 gnolls
  2 river rats (D:9)
  2 shadow imps
  3 white imps
  A worm (D:4)
  5 dart slugs
  61 orcs
  3 ball pythons
  5 bats
  2 bat skeletons (D:9)
  3 bat zombies (D:9)
  4 endoplasms
  5 giant cockroaches
  9 goblins
  5 hobgoblins
  3 jackals (D:2)
  13 kobolds
  8 quokkas
  2 frilled lizards (D:1)
  4 rats
1622 creatures vanquished.

Vanquished Creatures (collateral kills)
  A tengu warrior (D:10)
  An orc high priest (Orc:2)
  A hell knight (Depths:4)
  An orc warrior (D:8)
4 creatures vanquished.

Vanquished Creatures (others)
  2 liches
  A peacekeeper (Desolation)
  An ironbound convoker (Vaults:3)
  5 dancing weapons
  A bloated husk (Swamp:3)
  A saltling (Desolation)
  A fire bat (Abyss:3)
  4 briar patches (Swamp:4)
  A butterfly (Depths:3)
  28 demonic plants
  18 foxfires
  8 fungi
  34 plants
  19 starspawn tentacles
124 creatures vanquished.

Grand Total: 1750 creatures vanquished

Notes
Turn   | Place    | Note
-------+----------+-------------------------------------------
     0 | D:1      | tilp the Vampire Enchanter began the quest for the Orb.
     0 | D:1      | Reached XP level 1. HP: 13/13 MP: 3/3
    63 | D:1      | Reached XP level 2. HP: 6/20 MP: 1/5
    67 | D:1      | Learned a level 2 spell: Ensorcelled Hibernation
   374 | D:1      | Reached skill level 1 in Fighting
   393 | D:1      | Found a faded altar of an unknown god.
   942 | D:2      | Gained mutation: You are afflicted with vampirism and can
                  | become a bat while bloodless. [Vampire growth]
   942 | D:2      | Reached XP level 3. HP: 26/26 MP: 6/6
   943 | D:2      | Noticed Sigmund
   957 | D:2      | Killed Sigmund
   958 | D:2      | Reached skill level 5 in Stealth
   958 | D:2      | Reached skill level 5 in Hexes
   958 | D:2      | Reached XP level 4. HP: 31/34 MP: 1/7
   958 | D:2      | Reached XP level 5. HP: 36/39 MP: 1/8
  1031 | D:2      | Found Icwex's General Store.
  1138 | D:2      | Noticed Robin
  1261 | D:2      | Killed Robin
  1836 | D:2      | Noticed Natasha
  1843 | D:2      | Killed Natasha
  1854 | D:2      | Reached XP level 6. HP: 46/46 MP: 10/10
  1863 | D:2      | Learned a level 3 spell: Confusing Touch
  1867 | D:2      | Learned a level 3 spell: Tukima's Dance
  1903 | D:3      | Identified a scroll of acquirement
  1903 | D:3      | Acquired a +1 quick blade of draining
  2230 | D:3      | Identified the +2 sling "Vosubar" {drain, Str+4}
  2594 | D:3      | Found a runed translucent door.
  2595 | D:3      | Noticed Crazy Yiuf
  2926 | D:3      | Killed Crazy Yiuf
  3072 | D:2      | Bought 2 scrolls of identify for 48 gold pieces
  3072 | D:2      | Bought a potion of berserk rage for 60 gold pieces
  3073 | D:2      | Noticed Natasha
  3145 | D:2      | Killed Natasha
  3439 | D:2      | Noticed Natasha
  3446 | D:2      | Killed Natasha
  3504 | D:4      | Found an ornate altar of the Wu Jian Council.
  3521 | D:4      | Became a worshipper of the Wu Jian Council
  3535 | D:4      | Identified the +9 ring mail of the Untouchables {Dex+6}
  3612 | D:4      | Reached skill level 6 in Stealth
  4434 | D:4      | Learned a level 3 spell: Dazzling Flash
  4455 | D:5      | Entered Level 5 of the Dungeon
  4455 | D:5      | Found a bloodstained altar of Trog.
  4478 | D:5      | Reached skill level 1 in Shields
  4478 | D:5      | Reached XP level 7. HP: 36/52 MP: 4/11
  4545 | D:5      | Noticed a wyvern
  4896 | D:5      | Reached * piety under Wu Jian
  4898 | D:5      | Reached skill level 7 in Stealth
  5094 | D:5      | Found a shimmering blue altar of Sif Muna.
  5111 | D:5      | Killed a wyvern
  5112 | D:5      | Reached skill level 5 in Short Blades
  5112 | D:5      | Reached skill level 8 in Stealth
  5112 | D:5      | Reached XP level 8. HP: 60/60 MP: 9/12
  5227 | D:5      | Noticed Edmund
  5230 | D:5      | Killed Edmund
  5537 | D:6      | Reached skill level 1 in Throwing
  5537 | D:6      | Reached skill level 1 in Evocations
  6094 | D:6      | Reached XP level 9. HP: 66/66 MP: 6/14
  6463 | D:7      | Found a shimmering altar of Xom.
  6522 | D:7      | Reached ** piety under Wu Jian
  6554 | D:7      | Reached skill level 5 in Fighting
  6737 | D:7      | Found a staircase to the Ecumenical Temple.
  7328 | D:7      | Reached skill level 9 in Stealth
  7443 | D:7      | Noticed Joseph
  7453 | D:7      | Killed Joseph
  7454 | D:7      | Reached skill level 5 in Dodging
  7825 | D:2      | Bought a potion of resistance for 120 gold pieces
  8005 | D:8      | Noticed Erica
  8006 | D:8      | Killed Erica
  8007 | D:8      | Reached XP level 10. HP: 76/76 MP: 16/16
  8589 | D:8      | Noticed Grum
  8598 | D:8      | Killed Grum
  8604 | D:8      | Reached *** piety under Wu Jian
  8994 | D:8      | Found an opulent altar of Gozag.
  9175 | D:8      | Found a hide-covered altar of Uskayaw.
  9442 | D:9      | Reached skill level 10 in Stealth
  9708 | D:9      | Noticed a death yak
  9708 | D:9      | Noticed a death yak
  9712 | D:9      | Noticed a death yak
  9782 | D:9      | HP: 2/77 [death yak (13)]
  9986 | D:9      | Found a staircase to the Lair.
 10126 | D:9      | Found a burning altar of Makhleb.
 10221 | D:9      | Found an ancient bone altar of Kikubaaqudgha.
 10226 | D:9      | Reached **** piety under Wu Jian
 10227 | D:9      | Reached skill level 5 in Spellcasting
 10325 | D:9      | Killed a death yak
 10334 | D:9      | Killed a death yak
 10364 | D:9      | Killed a death yak
 10365 | D:9      | Reached XP level 11. HP: 64/86 MP: 1/18
 10582 | D:10     | Entered Level 10 of the Dungeon
 10733 | D:10     | Noticed a two-headed ogre
 10736 | D:10     | Killed a two-headed ogre
 10930 | D:10     | Reached skill level 11 in Stealth
 11130 | D:10     | Noticed a tengu warrior
 11130 | D:10     | Noticed a deep elf pyromancer
 11130 | D:10     | Noticed a centaur warrior
 11133 | D:10     | Killed a centaur warrior
 11135 | D:10     | Killed a deep elf pyromancer
 11150 | D:10     | Killed a tengu warrior
 11249 | D:10     | Noticed a deep elf pyromancer
 11264 | D:10     | Killed a deep elf pyromancer
 11363 | D:10     | Identified the ring "Bohout" {Ice rElec rPois Int-2 Dex+7}
 11363 | D:10     | Identified the ring "Haleg" {rC- MP+9 Str+4}
 11410 | D:10     | Reached skill level 10 in Hexes
 11420 | D:10     | Reached ***** piety under Wu Jian
 11434 | D:10     | Reached skill level 12 in Stealth
 11567 | D:10     | Reached XP level 12. HP: 95/95 MP: 13/20
 11648 | D:10     | Reached skill level 5 in Evocations
 11651 | D:10     | Noticed a two-headed ogre
 11699 | D:10     | Killed a two-headed ogre
 12111 | D:10     | Noticed a two-headed ogre
 12113 | D:10     | Killed a two-headed ogre
 12337 | D:10     | Noticed a two-headed ogre
 12343 | D:10     | Killed a two-headed ogre
 12394 | D:11     | Noticed a two-headed ogre
 12407 | D:11     | Killed a two-headed ogre
 12408 | D:11     | Reached skill level 13 in Stealth
 12511 | D:11     | Noticed a two-headed ogre
 12514 | D:11     | Killed a two-headed ogre
 12612 | D:11     | Noticed a boulder beetle
 12618 | D:11     | Killed a boulder beetle
 12735 | D:11     | Learned a level 4 spell: Fulminant Prism
 13021 | Lair:1   | Entered Level 1 of the Lair of Beasts
 13417 | Lair:1   | Reached skill level 10 in Fighting
 13446 | Lair:1   | Reached skill level 1 in Conjurations
 13554 | Lair:1   | Reached skill level 14 in Stealth
 13900 | Lair:2   | Reached XP level 13. HP: 103/103 MP: 22/22
 14090 | Lair:2   | Noticed Harold
 14118 | Lair:2   | Killed Harold
 15152 | Lair:3   | Found a staircase to the Swamp.
 15158 | Lair:3   | Reached skill level 15 in Stealth
 15397 | Lair:3   | Found a hole to the Spider Nest.
 15793 | Lair:4   | Reached skill level 1 in Ice Magic
 16607 | Lair:4   | Found a staircase to the Slime Pits.
 16637 | Lair:4   | Identified the +6 ring mail "Fakamin" {-Tele rElec rN++
                  | Stlth+}
 17234 | Lair:5   | Entered Level 5 of the Lair of Beasts
 17318 | Lair:5   | Reached skill level 1 in Armour
 17602 | Lair:5   | Reached ****** piety under Wu Jian
 17649 | Lair:5   | Reached XP level 14. HP: 116/116 MP: 11/24
 19895 | Lair:5   | Found a corrupted altar of Lugonu.
 19895 | Lair:5   | Found a one-way gate to the infinite horrors of the Abyss.
 19914 | Lair:5   | Reached skill level 16 in Stealth
 20511 | D:12     | Found a gate leading to a gauntlet.
 20533 | Gauntlet | Entered a Gauntlet
 20533 | Gauntlet | Found a transporter.
 20542 | Gauntlet | Found the +2 cloak of the Thief {*Fog Slay-2 SInv Stlth+}
 20543 | Gauntlet | Found a transporter.
 20558 | Gauntlet | Found a transporter.
 20563 | Gauntlet | Found a transporter.
 20583 | Gauntlet | Found a transporter.
 20597 | Gauntlet | Found a transporter.
 20609 | Gauntlet | Found a transporter.
 20621 | Gauntlet | Found a transporter.
 20633 | Gauntlet | Found a transporter.
 20643 | Gauntlet | Noticed a balrug
 20645 | Gauntlet | Found a transporter.
 20680 | Gauntlet | Found a transporter.
 20680 | Gauntlet | Found a transporter.
 20700 | Gauntlet | Found a transporter.
 20722 | Gauntlet | Found a transporter.
 20780 | Gauntlet | Found a transporter.
 20800 | Gauntlet | Found a transporter.
 20825 | Gauntlet | Found a transporter.
 20827 | Gauntlet | Found a transporter.
 21411 | Gauntlet | Identified the +5 hat of Resonance {rPois Int+2}
 21426 | Gauntlet | Identified the staff of air "Seytig" {rElec rF+ Str-5 Int+9
                  | SInv}
 21439 | Gauntlet | Identified the +11 morningstar of Honesty {freeze, rPois
                  | Str+3 Dex+3}
 21439 | Gauntlet | Identified the ring of Alaclud {Wiz MP+9 Str+3}
 21738 | D:12     | Found a staircase to the Orcish Mines.
 22533 | Orc:1    | Entered Level 1 of the Orcish Mines
 22617 | Orc:2    | Entered Level 2 of the Orcish Mines
 22849 | Orc:2    | Found a staircase to the Elven Halls.
 23345 | Orc:2    | Found Xiri's Distillery.
 23951 | Orc:2    | Found Dyegha's Magic Scroll Boutique.
 24173 | Orc:2    | Reached XP level 15. HP: 118/124 MP: 13/27
 25318 | Orc:2    | Found Vuwiz's Antique Weapon Emporium.
 25318 | Orc:2    | Found Qetreejokh's Book Shoppe.
 25319 | Orc:2    | Found a one-way gate leading to the halls of Pandemonium.
 25401 | D:13     | Noticed Frances
 25492 | D:13     | Reached skill level 10 in Dodging
 25621 | D:13     | Killed Frances
 25637 | D:13     | Reached skill level 17 in Stealth
 25923 | D:13     | Identified the +6 scale mail of Foolhardiness {rPois rF+++
                  | Dex-4 Stlth+}
 26224 | Orc:2    | Bought the +7 Spriggan's Knife {stab, EV+4 Stlth+} for 1653
                  | gold pieces
 26224 | Orc:2    | Found the +7 Spriggan's Knife {stab, EV+4 Stlth+}
 27075 | D:14     | Found a gate to the Vaults.
 27228 | D:15     | Entered Level 15 of the Dungeon
 27343 | D:15     | Found the +1 cloak of Starlight {*Dazzle EV+4 Stlth--}
 27443 | D:15     | Noticed Azrael
 27475 | D:15     | Killed Azrael
 27875 | D:15     | Found a portal to a secret trove of treasure.
 27905 | D:15     | Found a staircase to the Depths.
 28102 | D:15     | Reached skill level 15 in Hexes
 28525 | D:15     | Reached skill level 18 in Stealth
 28670 | D:15     | Reached skill level 15 in Fighting
 29312 | Spider:1 | Entered Level 1 of the Spider Nest
 29327 | Spider:1 | Reached XP level 16. HP: 136/136 MP: 29/29
 29759 | Spider:1 | Found the sphere of Battle
 30695 | Spider:2 | Noticed Asterion
 31073 | Spider:2 | Noticed Arachne
 31097 | Spider:1 | Killed Arachne
 31363 | Spider:2 | Noticed an Executioner
 31689 | Spider:2 | Killed Asterion
 32683 | Spider:3 | Noticed Agnes
 32977 | Spider:3 | Reached skill level 5 in Shields
 33034 | Spider:3 | Killed Agnes
 33366 | Spider:4 | Entered Level 4 of the Spider Nest
 33966 | Spider:4 | Reached XP level 17. HP: 134/134 MP: 27/30
 34021 | Spider:4 | Reached skill level 5 in Throwing
 34061 | Spider:4 | Upgraded the game from 0.30-a0-1066-g63dfefce0d to
                  | 0.30-a0-1074-g5db6f66fbb
 35138 | Spider:4 | Got a gossamer rune of Zot
 35563 | Orc:2    | Bought a scroll of poison for 60 gold pieces
 35563 | Orc:2    | Bought a scroll of vulnerability for 60 gold pieces
 35563 | Orc:2    | Bought 2 scrolls of teleportation for 90 gold pieces
 35563 | Orc:2    | Bought a scroll of enchant weapon for 112 gold pieces
 35563 | Orc:2    | Bought a scroll of vulnerability for 60 gold pieces
 35563 | Orc:2    | Bought a scroll of poison for 60 gold pieces
 35563 | Orc:2    | Bought a scroll of teleportation for 45 gold pieces
 35563 | Orc:2    | Bought a scroll of fog for 60 gold pieces
 35563 | Orc:2    | Bought a scroll of teleportation for 45 gold pieces
 35568 | Orc:2    | Bought a potion of curing for 51 gold pieces
 35568 | Orc:2    | Bought a potion of curing for 51 gold pieces
 35568 | Orc:2    | Bought a potion of curing for 51 gold pieces
 35568 | Orc:2    | Bought a potion of curing for 51 gold pieces
 35568 | Orc:2    | Bought a potion of heal wounds for 85 gold pieces
 35568 | Orc:2    | Bought a potion of heal wounds for 85 gold pieces
 35787 | Swamp:1  | Entered Level 1 of the Swamp
 35825 | Swamp:1  | Acquired 1121 gold pieces
 35988 | Swamp:1  | Reached skill level 19 in Stealth
 36683 | Orc:2    | Bought 2 potions of mutation for 272 gold pieces
 36683 | Orc:2    | Bought a potion of might for 68 gold pieces
 36683 | Orc:2    | Bought a potion of ambrosia for 136 gold pieces
 36683 | Orc:2    | Bought a potion of cancellation for 136 gold pieces
 36683 | Orc:2    | Bought a potion of attraction for 51 gold pieces
 36962 | D:2      | Bought a wand of paralysis (6) for 172 gold pieces
 37347 | Swamp:2  | Noticed Louise
 37353 | Swamp:2  | Killed Louise
 37541 | Swamp:2  | Identified the +7 chain mail of Yxzaot {rPois rF- MP+9
                  | Str+6}
 37682 | Swamp:2  | Reached skill level 10 in Evocations
 37801 | Swamp:2  | Reached skill level 10 in Spellcasting
 38007 | Swamp:3  | Reached skill level 5 in Armour
 38174 | Swamp:3  | Reached XP level 18. HP: 131/151 MP: 26/32
 38718 | Swamp:4  | Entered Level 4 of the Swamp
 39550 | Swamp:4  | Got a decaying rune of Zot
 39903 | Vaults:1 | Entered Level 1 of the Vaults
 39995 | Vaults:1 | Found a magical portal.
 40017 | WizLab   | Entered Lehudib's Moon Base
 40083 | WizLab   | Found a transporter.
 40656 | WizLab   | Paralysed by accursed screaming for 1 turns
 40855 | WizLab   | Paralysed by a great orb of eyes for 5 turns
 41137 | WizLab   | Reached skill level 20 in Stealth
 41273 | WizLab   | Found a transporter.
 41336 | WizLab   | Identified the ring of Vodka {Wiz rN+ rCorr}
 41509 | WizLab   | Noticed a moon troll
 41522 | WizLab   | Reached XP level 19. HP: 123/159 MP: 28/33
 41576 | WizLab   | Identified the ring of the Scarab {rF+ Str+3}
 41579 | WizLab   | Identified the amulet "Moloz" {RegenMP rElec Will+ MP-9
                  | Stlth+}
 41582 | WizLab   | Got the Incunable of Necrotic Evolution
 41807 | Vaults:1 | Learned a level 4 spell: Anguish
 41841 | Vaults:1 | Identified the +8 rapier of Vengeance {drain, rC+}
 42350 | Vaults:1 | Learned a level 2 spell: Blink
 42472 | Vaults:1 | Reached skill level 1 in Translocations
 42584 | Vaults:1 | Reached skill level 1 in Necromancy
 43577 | Vaults:2 | Identified the ring of the Inquisitive Seers {rF+ Str+3
                  | Int+4 Dex+6 Stlth-}
 43600 | Vaults:2 | Found a staircase to the Crypt.
 43657 | Abyss:2  | Cast into level 2 of the Abyss (a wizard)
 43693 | Abyss:2  | Noticed an ancient lich
 43705 | Vaults:2 | Escaped the Abyss
 44042 | Vaults:2 | Found Haerod's Distillery.
 44432 | Vaults:3 | Found a flickering gateway to a bazaar.
 44458 | Bazaar   | Entered a bazaar
 44458 | Bazaar   | Found Lerhyuma's Antique Weapon Shop.
 44472 | Bazaar   | Found Zycidiva's Antique Armour Shop.
 44492 | Bazaar   | Found Gusutira's General Store.
 44520 | Bazaar   | Bought a pair of glowing boots for 195 gold pieces
 44541 | Bazaar   | Bought a scroll of fear for 40 gold pieces
 44541 | Bazaar   | Bought a potion of curing for 30 gold pieces
 44608 | Vaults:3 | Found a crumbling gateway.
 44623 | Desolati | Entered the Desolation of Salt
 45119 | Desolati | Identified the +8 chain mail "Zeicycaun" {rF+ rCorr Int+2}
 45128 | Desolati | Reached XP level 20. HP: 96/152 MP: 30/35
 45142 | Desolati | Identified the ring of Acusoat {rC++ rCorr SInv}
 45144 | Desolati | Identified the amulet of Enoops {Reflect +Inv Str+7 SH+5}
 45171 | Desolati | Reached skill level 15 in Dodging
 45350 | Desolati | Reached skill level 21 in Stealth
 45796 | Desolati | Identified the +2 chain mail of the Pink Corner {rC+}
 46148 | Desolati | Identified the +0 ice dragon scales "Paidiv" {Harm rF- rC++
                  | Int+4 Dex+2}
 46209 | Desolati | Identified the +2 robe of Impermeability {Str+3 Stlth+}
 46211 | Desolati | Got Wualaniyny's Tome of the Figure and Points
 47353 | Abyss:2  | Cast into level 2 of the Abyss (a wizard)
 47602 | Abyss:3  | Noticed a bone dragon
 47631 | Abyss:3  | Killed a bone dragon
 47634 | Abyss:3  | Found a corrupted altar of Lugonu.
 47654 | Abyss:3  | Found a shadowy altar of Dithmenos.
 47700 | Vaults:3 | Escaped the Abyss
 49143 | Vaults:4 | Reached XP level 21. HP: 143/178 MP: 14/37
 49913 | Depths:1 | Entered Level 1 of the Depths
 49977 | Depths:1 | Identified the +0 robe "Serhouq" {Regen+}
 49981 | Depths:1 | Found a one-way gateway to a ziggurat.
 50028 | Depths:1 | Found a sacrificial altar of Ru.
 50397 | Depths:1 | Found a gateway to Hell.
 50525 | Depths:1 | Found Yrain's Vocational Training.
 50956 | Depths:1 | Reached skill level 10 in Short Blades
 51760 | Depths:2 | Noticed the Enchantress
 51774 | Depths:2 | Killed the Enchantress
 52030 | Depths:2 | Found a shimmering blue altar of Sif Muna.
 52204 | Abyss:3  | Cast into level 3 of the Abyss (a wizard)
 52270 | Depths:2 | Escaped the Abyss
 52997 | Depths:3 | Found a large runed translucent door.
 52997 | Depths:3 | Noticed a golden dragon
 53032 | Depths:3 | Found a large runed translucent door.
 53032 | Depths:3 | Found the +8 storm bow {elec, penet}
 53033 | Depths:3 | Found a large runed translucent door.
 53034 | Depths:3 | Found a large runed translucent door.
 53034 | Depths:3 | Found the +9 scales of the Dragon King {rPois rF+ rC+
                  | Will+}
 53034 | Depths:3 | Killed a golden dragon
 53035 | Depths:3 | Noticed a golden dragon
 53672 | Depths:3 | Noticed Frederick
 53708 | Depths:3 | Killed Frederick
 53760 | Depths:3 | Found a large runed translucent door.
 53763 | Depths:3 | Found a large runed translucent door.
 53827 | Depths:3 | Found a large runed translucent door.
 53828 | Depths:3 | Found a large runed translucent door.
 54226 | Depths:3 | Killed a golden dragon
 54290 | Depths:4 | Entered Level 4 of the Depths
 54296 | Depths:4 | Reached XP level 22. HP: 189/189 MP: 36/40
 54297 | Depths:4 | Noticed Margery
 54648 | Depths:4 | Killed Margery
 54820 | Depths:4 | Noticed a golden dragon
 54826 | Depths:4 | Killed a golden dragon
 54915 | Depths:4 | Noticed a golden dragon
 54929 | Depths:4 | Killed a golden dragon
 55333 | Depths:4 | Found a gate to the Realm of Zot.
 55522 | Depths:4 | Found a runed translucent gate.
 55522 | Depths:4 | Found a runed translucent gate.
 55522 | Depths:4 | Found a runed translucent gate.
 55524 | Depths:4 | Found an opulent altar of Gozag.
 55568 | Depths:4 | Found Quntey's Assorted Antiques.
 55568 | Depths:4 | Noticed a dread lich
 55569 | Depths:4 | Noticed a juggernaut
 55572 | Depths:4 | Noticed Miklu's ghost (adept NaFi)
 55715 | Depths:4 | Reached skill level 15 in Spellcasting
 56348 | Vaults:2 | Bought 2 potions of curing for 120 gold pieces
 56348 | Vaults:2 | Bought a potion of cancellation for 160 gold pieces
 56348 | Vaults:2 | Bought 2 potions of might for 160 gold pieces
 56348 | Vaults:2 | Bought a potion of ambrosia for 160 gold pieces
 56348 | Vaults:2 | Bought a potion of curing for 60 gold pieces
 56581 | Orc:2    | Bought a book of Beasts for 532 gold pieces
 56587 | Orc:2    | Learned a level 5 spell: Summon Mana Viper
 56845 | Depths:3 | Voluntarily entered the Abyss.
 56936 | Abyss:3  | Found a corrupted altar of Lugonu.
 56972 | Abyss:3  | Reached skill level 1 in Summonings
 57028 | Abyss:3  | Found a corrupted altar of Lugonu.
 57124 | Abyss:3  | Noticed a dread lich
 57124 | Abyss:3  | Paralysed by a dread lich for 3 turns
 57131 | Abyss:3  | Noticed an ancient lich
 57132 | Abyss:3  | Noticed a dread lich
 57139 | Abyss:3  | Paralysed by a dread lich for 3 turns
 57146 | Abyss:3  | Paralysed by accursed screaming for 1 turns
 57148 | Abyss:3  | Paralysed by accursed screaming for 1 turns
 57148 | Abyss:3  | HP: 9/190 [???[a dread lich] (6)]
 57152 | Abyss:3  | Killed from afar by a starcursed mass

Illustrated notes

Levels and vault maps discovered:
D:1:      dpeg_arrival_leaves_temple_mockup, layout_rooms,
          shapermc_ecumenical_altar_mp_ritualfount, st_stairs_5
D:2:      layout_basic, serial_shops, nicolae_shop_window_shopping,
          uniq_sigmund, uniq_robin, uniq_natasha
D:3:      layout_basic, kennysheep_generic_room_6, uniq_crazy_yiuf_cottage
D:4:      cheibrodos_thug_alley, layout_loops_corners,
          nicolae_wu_jian_wuxing_cycle
D:5:      layout_cave_pools, amcnicky_altar_gilded, kennysheep_mini_moat,
          serial_column_ruins, column_ruins_columns_dead_end,
          column_ruins_columns_corner, column_ruins_corridor_corner,
          column_ruins_grid_1, uniq_edmund
D:6:      layout_gridville
D:7:      layout_basic, kennysheep_mini, mainiacjoe_overflow_boulevard,
          mainiacjoe_overflow_alcove_2, temple_statues, uniq_joseph
D:8:      layout_basic, mainiacjoe_overflow_alcove_4,
          mainiacjoe_overflow_alcove_1, uniq_grum, uniq_erica
D:9:      layout_cave_pools, kennysheep_vampire_church, bloody_makhleb,
          dpeg_lair_monsters, serial_bayou, serial_bayou_crossing,
          serial_bayou_pond_c, serial_bayou_ford_a, serial_bayou_pond_d
D:10:     minmay_the_grid_3x3 [minmay_the_grid_outer_circle,
          minmay_the_grid_rooms, minmay_the_grid_outer_diamond,
          minmay_the_grid_doors, minmay_the_grid_zigzag_pyramid,
          minmay_the_grid_minigrid_small, minmay_the_grid_all_tris,
          minmay_the_grid_stretched_grid,
          minmay_the_grid_prize_shrinking_boxes], layout_loops_ring
D:11:     layout_small_grid
D:12:     layout_cave_pods, orc_0_dummy, serial_column_ruins,
          column_ruins_grid_3, column_ruins_grid_1, column_ruins_open_small,
          column_ruins_open_tiny, column_ruins_open_small,
          column_ruins_open_small_water, gauntlet_entry_generic
D:13:     layout_rooms, uniq_frances
D:14:     layout_irregular_city, david_vaults_5, moated_statue
D:15:     grunt_enter_depths_snipers, layout_basic, enter_trove_6,
          serial_co_window_serial, co_window_paths_a, co_window_corner_a,
          co_window_paths_a, co_window_paths_a, co_window_paths_a,
          co_window_paths_c, co_window_unsneaky_path_d, co_window_broadway_c,
          co_window_corner_cb, co_window_2corner, glass_columns_c,
          glass_columns_a, serial_bayou_lagoon_a, kennysheep_four_rooms,
          uniq_azrael
Lair:1:   layout_roguey, nicolae_quartered_pool_impasse, grunt_megastairs_1
Lair:2:   layout_chaotic_city, beast_lair_carwin_3, uniq_harold
Lair:3:   layout_chaotic_city, skrybe_swamp_entry_bodies, dummy_spider_entry,
          grunt_megastairs_2
Lair:4:   layout_layer_cave, minmay_slime_entry_oklob_open, grunt_megastairs_5,
          serial_bayou_shore_b
Lair:5:   hellmonk_lair_end_abyssal_woods, layout_cave_pods, lemuel_fruit_fields
Swamp:1:  layout_basic_swamp, evilmike_swamp_ruin_house_2, swamp_pool2
Swamp:2:  layout_basic_swamp, evilmike_swamp_ruin_house_3, swamp_pool4,
          uniq_louise
Swamp:3:  layout_basic_swamp, evilmike_swamp_ruin_rubble_2, swamp_pool3,
          cheibrodos_swamp_witchery
Swamp:4:  swamp, layout_basic_swamp, swamp_pool1, infiniplex_staircase_pool_2
Spider:1: layout_spider_delve
Spider:2: layout_spider_delve, uniq_arachne, uniq_asterion
Spider:3: layout_spider_delve, nicolae_spider_not_touching_you,
          hangedman_spider_tarantella_strand, uniq_agnes
Spider:4: grunt_spider_rune_circles
Orc:1:    layout_diamond_mine
Orc:2:    pf_orc_diabolical, layout_caves
Vaults:1: mu_enter_wizlab_4, v_misc_18, nicolae_vaults_little_ls,
          nicolae_vaults_little_squares_5, v_pattern_1,
          vaults_dpeg_encased_lava, vaults_room_fours, st_eye,
          layout_vaults_omnigrid
Vaults:2: vaults_room_pool, vaults_mumra_minichess, grunt_vaults_twisty,
          minmay_crypt_entry_simple_plaza, v_misc_33, v_rooms_5,
          grunt_vaults_focal, v_misc_30, hangedman_vaults_nodes,
          ontoclasm_vaults_gallery, v_misc_19, nicolae_vaults_little_squares_5,
          vaults_room_pool, layout_vaults_omnibox, serial_shops,
          nicolae_shop_crystal
Vaults:3: portal_desolation_entry_ruin, vaults_dpeg_spiral,
          nicolae_vaults_quadrants, hangedman_vaults_trim,
          hangedman_vaults_impose, hangedman_vaults_locks, v_alt_pattern_6,
          vaults_dpeg_cross, nicolae_vaults_shelves_hall, v_misc_32,
          nicolae_vaults_alarming, layout_vaults_chaotic_city, serial_shops,
          freezing_bzr
Vaults:4: nicolae_vaults_holding_cells, v_misc_26,
          nicolae_vaults_little_squares_2, hangedman_vaults_pinch,
          vaults_room_semicircle, hangedman_vaults_cutoff,
          nicolae_vaults_network_star, hangedman_vaults_river_flow,
          ontoclasm_vaults_eye, ontoclasm_vaults_twist,
          nicolae_vaults_back_hallway, layout_vaults_maze_bifur
Depths:1: layout_basic, enter_ziggurat_a, grunt_hell_entry_dis_old,
          nicolae_ru_sacrificial_ziggurat, dk_noncrumbling_4,
          minmay_misc_feat_columns, nicolae_shop_vocational
Depths:2: evilmike_halls_of_destruction, layout_gridlike,
          grunt_pan_entry_in_and_out, nicolae_sif_muna_condensation, hell_entry,
          abyss_entry, infiniplex_staircase_star, firewood_loft,
          serial_bayou_shore_b, uniq_enchantress
Depths:3: minmay_five_octagons, layout_basic, abyss_entry_crystal,
          minmay_hedge_maze, pf_dread_powers_of_hell,
          nicolae_elyvilon_peaceful_grove, serial_bayou_shore_b,
          infiniplex_staircase_door_maze, uniq_frederick
Depths:4: grunt_zot_entry_gee_three, layout_basic, pan_entry,
          grunt_mini_vestibule, ebering_ghost_gozag, abyss_entry_glasseish,
          uniq_margery
Abyss:3:  base: Lair:2, patterned_corridor,
          due_evilmike_abyss_rune_seething_liches, evilmike_abyss_exit_chaos,
          guppyfry_abyss_exit_glass_guarded, spicy_abyss_unhelpful_harpoons,
          base: Vaults:2, hangedman_abyss_or_decor_lesser_grid,
          hangedman_abyss_shoalhut, base: Crypt:2, evilmike_abyss_exit_1,
          doesnt_abyss_rune_brain_food, due_evilmike_abyss_rune_seething_liches,
          due_evilmike_abyss_rune_seething_liches, evilmike_abyss_exit_2

Skill      XL: |  1  2  3  4  5  6  7  8  9 10 11 12 13 14 15 16 17 18 19 20 21 22 |
---------------+-------------------------------------------------------------------+-----
Fighting       | 1 2 3 4 5 8 9 10 12 13 15 16 17 18 19 20 | 20.0
Short Blades   | 2 3 5 6 7 8 9 10 | 10.0
Dodging        | 3 4 5 6 7 8 9 10 11 12 13 14 15 16 17 | 17.3
Stealth        | 5 6 8 9 10 12 14 15 16 18 19 20 21 | 21.0
Hexes          | 5 6 7 8 10 12 13 15 16 17 18 | 18.0
Spellcasting   | 3 4 5 6 7 8 9 10 11 12 14 15 | 15.0
Shields        | 1 2 3 4 5 6 |  6.0
Throwing       | 1 2 3 4 5 6 |  6.0
Evocations     | 1 3 4 5 6 7 8 9 10 11 12 13 14 | 14.1
Conjurations   | 1 2 3 4 |  4.0
Ice Magic      | 2 |  2.0
Armour         | 1 3 4 5 6 |  6.0
Translocations | 3 4 |  4.0
Necromancy     | 3 4 |  4.0
Summonings     | 1 |  1.9

Action                     |  1- 3 |  4- 6 |  7- 9 | 10-12 | 13-15 | 16-18 | 19-21 | 22-24 || total
---------------------------+-------+-------+-------+-------+-------+-------+-------+-------++-------
  Melee: Dagger            |    47 |    39 |       |       |       |       |       |       ||    86
         Bite              |     2 |     9 |    21 |   133 |   254 |    86 |   303 |    51 ||   859
         Quick blade       |       |    77 |   148 |   689 |  1177 |     4 |   614 |       ||  2709
         Unarmed           |       |     5 |       |       |       |       |       |       ||     5
         Knife             |       |       |       |       |   248 |   750 |   920 |   250 ||  2168
         Demon blade       |       |       |       |       |       |       |       |     5 ||     5
  Throw: Stone             |     1 |       |       |       |       |       |       |       ||     1
         Dart              |       |       |       |     2 |     1 |       |       |       ||     3
         Throwing net      |       |       |       |       |       |     2 |       |       ||     2
         Javelin           |       |       |       |       |       |       |     2 |       ||     2
   Cast: Ensorcelled Hiber |    12 |    24 |    46 |   113 |   297 |   349 |   307 |    77 ||  1225
         Confusing Touch   |       |     1 |     4 |    26 |    80 |    44 |    81 |    42 ||   278
         Tukima's Dance    |       |       |       |     4 |    23 |     6 |     2 |     1 ||    36
         Dazzling Flash    |       |       |       |     2 |    23 |     4 |    10 |     1 ||    40
         Blink             |       |       |       |       |       |       |     1 |       ||     1
         Anguish           |       |       |       |       |       |       |     1 |       ||     1
 Invoke: Serpent's Lash    |       |       |       |       |     1 |       |     3 |       ||     4
         Heavenly Storm    |       |       |       |       |       |       |     1 |       ||     1
Ability: Lunge             |       |     6 |    21 |    52 |   100 |   125 |   122 |    18 ||   444
         Whirlwind         |       |       |       |     8 |    42 |    35 |    35 |     2 ||   122
         Wall Jump         |       |       |       |       |       |       |     1 |       ||     1
  Evoke: Lightning rod     |       |       |       |       |     4 |     4 |     2 |       ||    10
         Wand              |       |       |       |       |     3 |    13 |     5 |       ||    21
         Tin of tremorston |       |       |       |       |     2 |     2 |     5 |     2 ||    11
         Phial of floods   |       |       |       |       |       |       |     1 |     1 ||     2
         Phantom mirror    |       |       |       |       |       |       |     1 |     1 ||     2
    Use: Potion            |     1 |       |       |     1 |     2 |     9 |     7 |     3 ||    23
         Scroll            |     2 |    12 |     2 |     7 |    14 |    12 |     9 |     7 ||    65
   Stab: Sleeping          |    16 |    26 |    41 |    98 |   215 |   339 |   333 |    52 ||  1120
         Invisible         |     1 |       |       |       |    30 |     3 |     7 |     2 ||    43
         Distracted        |       |     1 |       |     1 |     5 |     5 |     9 |       ||    21
         Confused          |       |       |     3 |    27 |    90 |    39 |    77 |    35 ||   271
         Paralysed         |       |       |       |       |       |     4 |       |       ||     4
         Held in net/web   |       |       |       |       |       |     1 |       |       ||     1
 Armour: Robe              |     3 |       |       |    48 |    10 |       |       |       ||    61
         Leather armour    |     3 |    33 |    20 |       |       |       |       |       ||    56
         Skin              |       |     1 |       |       |       |       |       |       ||     1
         Ring mail         |       |       |       |       |   226 |   367 |   325 |    64 ||   982
  Dodge: Dodged            |    22 |    52 |    35 |   180 |   536 |   874 |  1404 |   298 ||  3401
  Block: Buckler           |       |     4 |    23 |    77 |   295 |   305 |       |       ||   704

Table legend: (Time is in decaauts)
 A = Elapsed time spent in this place.
 B = Non-inter-level travel time spent in this place.
 C = Inter-level travel time spent in this place.
 D = Time resting spent in this place.
 E = Time spent auto-exploring this place.
 F = Levels seen in this place.
 G = Mean time per level.
                   A        B        C        D        E       F      G
               +--------+--------+--------+--------+--------+-----+--------+
         Total |  55467 |  49856 |   5611 |   6551 |  30211 |  47 | 1180.1 |
       Dungeon |  18902 |  16026 |   2876 |   1007 |  12200 |  15 | 1260.1 |
          Lair |   7260 |   6550 |    710 |    796 |   4596 |   5 | 1452.0 |
         Swamp |   3356 |   3157 |    199 |     86 |   2142 |   4 |  839.0 |
   Spider Nest |   5902 |   5571 |    331 |   1820 |   2154 |   4 | 1475.5 |
  Orcish Mines |   3076 |   2600 |    476 |   1031 |   1015 |   2 | 1538.0 |
        Vaults |   6209 |   5641 |    568 |    104 |   3879 |   4 | 1552.2 |
        Depths |   6112 |   5664 |    448 |    638 |   3714 |   4 | 1528.0 |
         Abyss |    700 |    700 |      0 |      0 |      5 |   5 |  140.0 |
        Bazaar |     97 |     97 |      0 |      0 |      0 |   1 |   97.0 |
        Wizlab |   1604 |   1604 |      0 |    548 |     79 |   1 | 1604.0 |
    Desolation |   1317 |   1317 |      0 |    349 |     63 |   1 | 1317.0 |
      Gauntlet |    926 |    926 |      0 |    171 |    362 |   1 |  926.0 |
               +--------+--------+--------+--------+--------+-----+--------+

Top non-repeatable levels by time:
   Orc:2: 2811 daAuts
  Lair:5: 2688 daAuts
Spider:1: 2129 daAuts
    D:15: 1978 daAuts
Depths:3: 1924 daAuts
Vaults:3: 1750 daAuts
    D:10: 1669 daAuts
Spider:4: 1658 daAuts
    D:12: 1642 daAuts
  WizLab: 1604 daAuts
Vaults:1: 1548 daAuts
     D:2: 1542 daAuts
Spider:3: 1541 daAuts
     D:9: 1507 daAuts
  Lair:4: 1491 daAuts
